 Dungeon Crawl Stone Soup version 0.27.1 (webtiles) character file.

Game seed: 1140170793224244249

678 nxtlvl the Grappler (level 7, -1/66 HPs)
             Began as a Troll Abyssal Knight on Sept 5, 2021.
             Was a Priest of Lugonu.
             Slain by an unseen horror (5 damage)
             ... on level 6 of the Dungeon.
             The game lasted 00:06:38 (759 turns).

nxtlvl the Grappler (Troll Abyssal Knight)           Turns: 759, Time: 00:06:39

Health: -1/66      AC:  4    Str: 21    XL:     7   Next: 34%
Magic:  7/7        EV:  9    Int: 10    God:    Lugonu [***...]
Gold:   120        SH:  0    Dex:  9    Spells: 6/6 levels left

rFire    . . .     SeeInvis .     - Unarmed
rCold    . . .     Faith    +   (no shield)
rNeg     . . .     Spirit   .   a - +0 robe
rPois    .         Reflect  .   (helmet restricted)
rElec    .         Harm     .   (no cloak)
rCorr    .         Rampage  .   (gloves unavailable)
Will     .....                  (boots unavailable)
Stlth    +.........             f - amulet of faith
HPRegen  1.21/turn              (no ring)
MPRegen  0.10/turn              (no ring)

@: no status effects
A: large, unfitting armour, claws 3, regeneration 1, shaggy fur 1, tough skin 1
a: Renounce Religion, Depart the Abyss, Bend Space, Banish


You were on level 6 of the Dungeon.
You worshipped Lugonu.
Lugonu was most pleased with you.
You visited 1 branch of the dungeon, and saw 7 of its levels.
You visited the Abyss 1 time.

You collected 120 gold pieces.

Inventory:

Hand Weapons
 c - a +0 hunting sling
Missiles
 d - 31 poisoned darts
 k - 10 boomerangs
 l - 7 javelins
Armour
 a - a +0 robe (worn)
Jewellery
 f - an amulet of faith (around neck)
Scrolls
 b - a scroll of fear {unknown}
 g - a scroll of identify {unknown}
 i - a scroll of blinking {unknown}
 j - a scroll of holy word {unknown}
Potions
 e - a potion of curing {unknown}
 h - a potion of haste {unknown}


   Skills:
 + Level 2.6 Fighting
 - Level 1.9 Dodging
 * Level 8.1 Unarmed Combat
 + Level 2.0 Invocations


You had 6 spell levels left.
You didn't know any spells.
Your spell library contained the following spells:

 Spells                   Type           Power      Damage    Failure   Level
 Sting                    Tmut/Pois      0%         1d3       36%         1
 Blink                    Tloc           N/A        N/A       50%         2
 Poisonous Vapours        Pois/Air       0%         N/A       50%         2
 Lesser Beckoning         Tloc           0%         N/A       75%         3
 Olgreb's Toxic Radiance  Pois           0%         N/A       98%         4
 Manifold Assault         Tloc           0%         N/A       100%        5


Dungeon Overview and Level Annotations

Branches:
Dungeon (7/15)
 Temple: D:4-7

Altars:
Gozag
Okawaru
Zin

Shops:
D:6 [

Portals:
Bailey: D:7


Innate Abilities, Weirdness & Mutations

You are too large for most types of armour.
You have claws for hands.
Your natural rate of healing is unusually fast.
You are covered in fur. (AC +1)
You have tough skin. (AC +1)


Message History

You see here a +0 hand axe.
Things that are here:
a +0 hand axe; a gnoll corpse
Found 9 gold pieces.
You now have 111 gold pieces (gained 13).
You now have 120 gold pieces (gained 9).
Found a ring mail.
You see here a +0 robe.
Things that are here:
a +0 hand axe; 10 stones
Things that are here:
a +0 hand axe; a gnoll corpse
There is a stone staircase leading up here.
You climb upwards.
Found a ring mail and a hunting sling.
Found Toreik's Armour Boutique.
There is a stone staircase leading down here.
Press: ? - help, v - describe, . - travel, g - get item Item here: a hunting sling.
The floor.
Found 14 bolts.
Something hits you!
Deactivating autopickup; reactivate with Ctrl-A.
There is an entrance to Toreik's Armour Boutique here.
You mangle something!! Something hits you. x2
Found 15 gold pieces.
Something hits you but does no damage. Something hits you.
There is an entrance to Toreik's Armour Boutique here.
Something hits you. Something hits you.
You claw something! Something hits you. Something hits you!
You closely miss something. Something hits you! Something hits you.
Something hits you. Something hits you. Something hits you!
* * * LOW HITPOINT WARNING * * *
You scratch something but do no damage. Something hits you!
* * * LOW HITPOINT WARNING * * *
Something hits you.
You die...

.....?......# ..#
.............####..#####
##........ ....)...........#
##...##.# #.......[.......#
........##.#..#.............
.........#.#..............#
...........#..............#
##)...........>...........
..)......#.....{@.#....####.
.#.......##.................
..............###...∩....###
...##....###..(...#####.....
...##....# #....### ..##
....#..^.# #.... .#.
..#.#....##.... #.
..#.........#.# $
####..........


There were no monsters in sight!

Vanquished Creatures
  A black bear (D:5)
  An ogre (D:4)
  2 centaurs
  A bullfrog (D:7)
  A gnoll sergeant (D:6)
  A hound (D:5)
  An orc priest (D:6)
  An iguana (D:4)
  6 gnolls
  4 adders
  An adder skeleton (D:3)
  A worm (D:4)
  8 orcs
  4 bats
  An endoplasm (D:1)
  3 goblins (D:7)
  A quokka (D:2)
  A frilled lizard (D:2)
  7 kobolds
  A rat (D:3)
47 creatures vanquished.

Notes
Turn   | Place    | Note
-------+----------+-------------------------------------------
     0 | Abyss:1  | nxtlvl the Troll Abyssal Knight began the quest for the
                  | Orb.
     0 | Abyss:1  | Reached XP level 1. HP: 22/22 MP: 1/1
     7 | Abyss:1  | Found a corrupted altar of Lugonu.
    42 | Abyss:1  | Found a corrupted altar of Lugonu.
    52 | D:1      | Escaped the Abyss
   132 | D:2      | Reached skill level 3 in Unarmed Combat
   132 | D:2      | Reached XP level 2. HP: 26/29 MP: 2/2
   203 | D:2      | Reached XP level 3. HP: 22/36 MP: 3/3
   262 | D:2      | You fall into a shaft and drop 2 floors!
   270 | D:4      | Reached skill level 4 in Unarmed Combat
   309 | D:3      | Reached XP level 4. HP: 44/44 MP: 4/4
   329 | D:4      | Noticed an ogre
   336 | D:4      | Killed an ogre
   337 | D:4      | Reached skill level 5 in Unarmed Combat
   337 | D:4      | Reached XP level 5. HP: 36/50 MP: 5/5
   350 | D:4      | Reached ** piety under Lugonu
   373 | D:5      | Entered Level 5 of the Dungeon
   390 | D:5      | Noticed a black bear
   391 | D:5      | Found an opulent altar of Gozag.
   398 | D:5      | Noticed a centaur
   402 | D:5      | Killed a centaur
   403 | D:5      | Reached skill level 6 in Unarmed Combat
   405 | D:5      | Killed a black bear
   406 | D:5      | Reached XP level 6. HP: 23/59 MP: 6/6
   490 | D:6      | Reached skill level 7 in Unarmed Combat
   535 | D:6      | Found an iron altar of Okawaru.
   617 | D:7      | Reached XP level 7. HP: 61/66 MP: 7/7
   637 | D:7      | Reached skill level 8 in Unarmed Combat
   641 | D:7      | Found a glowing silver altar of Zin.
   668 | D:7      | Found a flagged portal.
   721 | D:7      | Reached *** piety under Lugonu
   741 | D:6      | Found Toreik's Armour Boutique.
   759 | D:6      | Slain by an unseen horror

Illustrated notes

Levels and vault maps discovered:
D:1:      dpeg_arrival_central, layout_basic,
          dreamdust_ecumenical_altar_drowned_temple, st_stairs_1,
          chequers_avenue
D:2:      minmay_chambers_of_ones, layout_loops_ring, st_stairs_13
D:3:      layout_basic, bloody_trog, serial_shops,
          nicolae_shop_overgrown_old_shop, minmay_misc_feat_cross
D:4:      layout_loops_ring, mainiacjoe_overflow_alcove_4,
          lemuel_temple_firewalk_b, minivault_4, minivault_25,
          grunt_ministairs_9
D:5:      layout_basic, nemelex_altar_shiori, nicolae_overflow_crystal_walls,
          nicolae_gozag_zags_fifth_avenue
D:6:      layout_rooms, amcnicky_altar_gilded, okawaru_trees_2, vehumet_statue,
          serial_shops, shop
D:7:      layout_basic, zin_academy, lightli_bailey_entry_fortress

Skill      XL: |  1  2  3  4  5  6  7 |
---------------+----------------------+-----
Unarmed Combat | 3 4 5 6 7 8 |  8.1
Invocations    | 2 |  2.0
Fighting       | |  2.6
Dodging        | |  1.9

Action                   |  1- 3 |  4- 6 |  7- 9 || total
-------------------------+-------+-------+-------++-------
Melee: Unarmed           |    49 |    69 |    27 ||   145
       Punch             |     1 |     4 |       ||     5
Armor: Robe              |    17 |    12 |     4 ||    33
Dodge: Dodged            |    22 |    23 |    11 ||    56
